 Dungeon Crawl Stone Soup version 0.18.1-48-g4cf74bf (webtiles) character file.

55 Gargoyl the Skirmisher (level 3, 0/29 HPs)
             Began as a Demonspawn Abyssal Knight on June 28, 2016.
             Was a Believer of Lugonu.
             Slain by a worm (5 damage)
             ... on level 2 of the Dungeon.
             The game lasted 00:02:57 (1457 turns).

Gargoyl the Skirmisher (Demonspawn Abyssal Knight)  Turns: 1457, Time: 00:02:58

Health: 0/29       AC:  4    Str: 13    XL:     3   Next: 67%
Magic:  5/5        EV: 12    Int: 13    God:    Lugonu [**....]
Gold:   57         SH:  0    Dex: 12    Spells: 0 memorised, 2 levels left

rFire  . . .     SeeInvis .     a - +1 hand axe
rCold  . . .     Gourm    .     b - +0 leather armour
rNeg   . . .     Faith    .     (no shield)
rPois  .         Spirit   .     (no helmet)
rElec  .         Dismiss  .     (no cloak)
rCorr  .         Reflect  .     (no gloves)
SustAt .         Harm     .     (no boots)
MR     .....                    (no amulet)
Stlth  +.........               (no ring)
                                (no ring)

@: not resistant to hostile enchantments, very unstealthy
A: rugged brown scales 1
a: Depart the Abyss, Bend Space, Renounce Religion


You were on level 2 of the Dungeon.
You worshipped Lugonu.
Lugonu was pleased with you.
You were not hungry.

You visited 1 branch of the dungeon, and saw 2 of its levels.
You visited the Abyss 1 time.

You collected 57 gold pieces.

Inventory:

Hand Weapons
 a - a +1 hand axe (weapon)
Armour
 b - a +0 leather armour (worn)
Wands
 d - a wand of confusion (16/48)
 e - a wand of polymorph (13/24)
Scrolls
 i - a scroll of teleportation {unknown}
 j - a scroll of enchant armour {unknown}
 k - a scroll of remove curse {unknown}
Potions
 g - a potion of flight {unknown}
 h - a potion of heal wounds {unknown}
Comestibles
 c - a bread ration
 f - a beef jerky
 l - a royal jelly


   Skills:
 + Level 3.6 Fighting
 + Level 2.0 Axes
 + Level 2.1 Armour
 + Level 2.0 Dodging
 + Level 2.8 Invocations


You had 2 spell levels left.
You didn't know any spells.

Dungeon Overview and Level Annotations

Branches:
Dungeon (2/15)

Altars:
Ashenzari


Innate Abilities, Weirdness & Mutations

You are partially covered in rugged brown scales (AC +1, +3% HP).


Message History

The worm is severely wounded.
The worm misses you.
You hit the worm but do no damage.
The worm is severely wounded.
The worm barely misses you.
You hit the worm but do no damage.
The worm is severely wounded.
You hit the worm.
The worm is severely wounded.
The worm bites you.
You hit the worm but do no damage.
The worm is severely wounded.
The worm bites you!
* * * LOW HITPOINT WARNING * * *
You hit the worm but do no damage.
The worm is severely wounded.
You hit the worm.
The worm is almost dead.
The worm bites you.
You die...

#. .. .... .#. ..
... .# #..
.####..#######
..............##
.##.#^..# #...####
#.....#.# #w@..#
...####.## ###.###
..#####.)#####...#
..#...)>.......###
....####..######
##.## ##.# ##.#
#.# ##.#### #.#
รท.....# #..


You could see a worm.

Vanquished Creatures
  An adder (D:2)
  A worm (D:2)
  2 dart slugs
  3 giant cockroaches
  4 hobgoblins
  2 jackals (D:2)
  A quokka (D:2)
  6 bats
  5 giant newts (D:1)
  5 goblins
  3 kobolds (D:1)
  6 rats
39 creatures vanquished.

Notes
Turn   | Place    | Note
--------------------------------------------------------------
     0 | Abyss:1  | Gargoyl the Demonspawn Abyssal Knight began the quest for the Orb.
     0 | Abyss:1  | Reached XP level 1. HP: 18/18 MP: 2/2
    46 | Abyss:2  | Noticed a raiju
    47 | Abyss:2  | Noticed a tentacled starspawn
    47 | D:1      | Escaped the Abyss
   128 | D:1      | Reached * piety under Lugonu
   251 | D:1      | You fall through a shaft!
   258 | D:2      | Found a shattered altar of Ashenzari.
   276 | D:2      | Reached skill level 1 in Dodging
   276 | D:2      | Gained mutation: You are partially covered in rugged brown scales (AC +1, +3% HP). [demonic ancestry]
   276 | D:2      | Reached XP level 2. HP: 10/24 MP: 4/4
   882 | D:1      | Reached XP level 3. HP: 29/29 MP: 5/5
  1120 | D:2      | Reached ** piety under Lugonu
  1457 | D:2      | Slain by a worm

Skill      XL: |  1  2  3 |
---------------+----------+-----
Dodging        | 1 2 |  2.0
Armour         | 2 |  2.1
Axes           | 2 |  2.0
Fighting       | |  3.6
Invocations    | |  2.8

Action                   || total
-------------------------++-------
Melee: Hand axe          ||   157
Invok: Depart the Abyss  ||     1
  Eat: Chunk             ||     2
Armor: Leather armour    ||    50
Dodge: Dodged            ||   114
